[ AOE2 MATCH · #477700141 ]
UnrankedJurchens vs Vietnamese
Player's team · WIN
[ REPLAY ANALYSIS · EXTRACTED FROM THE RECORDED GAME ]
Feudal
10:58
Castle
14:28
Imperial
27:20
| APM avg | 39.2 |
| APM peak | 82 |
| eAPM avg | 21.3 |
| Villagers / military | 115 / 63 |
Focus
⚔️ 24.6% · 🌾 75.4%
Steppe Lancer ×59 · Trebuchet (Packed) ×3 · Iron Pagoda ×1
Feudal
11:42
Castle
15:18
Imperial
28:52
| APM avg | 40.8 |
| APM peak | 92 |
| eAPM avg | 23.4 |
| Villagers / military | 114 / 30 |
Focus
⚔️ 32.8% · 🌾 67.2%
Battle Elephant ×18 · Scout Cavalry ×5 · Monk ×4 · Trebuchet (Packed) ×3
Match map
Initial resources + every placement click. Lines = walls · curves = elevation contours. ◆ gold · ⬟ stone · ● berries · ✦ relic · ◌ wall gap
Inputs per minute
— Ace - - ClearDistortion
Build order — Ace
First 150 of 286 actions detected
| 0:00 | Queue | Villager (Male) |
| 0:01 | Queue | Villager (Male) |
| 0:04 | Build | House |
| 0:06 | Build | House |
| 0:16 | Queue | Villager (Male) |
| 0:16 | Queue | Villager (Male) |
| 1:36 | Queue | Villager (Male) |
| 1:46 | Build | Lumber Camp |
| 1:56 | Queue | Villager (Male) |
| 2:15 | Queue | Villager (Male) |
| 2:57 | Queue | Villager (Male) |
| 3:13 | Queue | Villager (Male) |
| 3:13 | Queue | Villager (Male) |
| 3:43 | Build | House |
| 3:45 | Build | House |
| 3:46 | Build | House |
| 4:10 | Queue | Villager (Male) |
| 4:10 | Queue | Villager (Male) |
| 4:11 | Queue | Villager (Male) |
| 4:11 | Queue | Villager (Male) |
| 4:57 | Queue | Villager (Male) |
| 4:57 | Queue | Villager (Male) |
| 5:36 | Build | Mill |
| 5:50 | Queue | Villager (Male) |
| 5:50 | Queue | Villager (Male) |
| 5:51 | Queue | Villager (Male) |
| 6:28 | Queue | Villager (Male) |
| 6:35 | Queue | Villager (Male) |
| 6:35 | Queue | Villager (Male) |
| 7:07 | Build | Farm |
| 7:09 | Build | Farm |
| 7:23 | Queue | Villager (Male) |
| 7:23 | Queue | Villager (Male) |
| 8:09 | Build | Mining Camp |
| 8:18 | Research | Feudal Age |
| 8:26 | Build | Farm |
| 9:15 | Queue | Villager (Male) |
| 9:16 | Queue | Villager (Male) |
| 10:58 | Age | Feudal Age |
| 11:00 | Build | Market |
| 11:02 | Build | Blacksmith |
| 11:07 | Build | House |
| 11:16 | Research | Double-Bit Axe |
| 11:44 | Research | Horse Collar |
| 11:48 | Research | Castle Age |
| 11:48 | Research | Castle Age |
| 11:59 | Build | House |
| 12:42 | Queue | Villager (Male) |
| 12:42 | Queue | Villager (Male) |
| 14:28 | Age | Castle Age |
| 14:35 | Build | Town Center |
| 14:40 | Build | Town Center |
| 14:51 | Research | Bow Saw |
| 14:52 | Research | Heavy Plow |
| 15:03 | Queue | Villager (Male) |
| 15:06 | Build | Farm |
| 15:21 | Build | Farm |
| 15:25 | Queue | Villager (Male) |
| 15:34 | Build | Farm |
| 15:39 | Build | Farm |
| 15:44 | Build | Farm |
| 15:48 | Queue | Villager (Male) |
| 15:53 | Queue | Villager (Male) |
| 15:53 | Queue | Villager (Male) |
| 15:58 | Queue | Villager (Male) |
| 15:59 | Queue | Villager (Male) |
| 16:10 | Queue | Villager (Male) |
| 16:12 | Build | Farm |
| 16:15 | Build | Farm |
| 16:21 | Build | Farm |
| 16:25 | Build | Farm |
| 16:26 | Queue | Villager (Male) |
| 16:33 | Build | Farm |
| 16:35 | Queue | Villager (Male) |
| 16:43 | Queue | Villager (Male) |
| 16:45 | Build | Farm |
| 16:50 | Build | Farm |
| 17:02 | Build | Farm |
| 17:05 | Queue | Villager (Male) |
| 17:09 | Queue | Villager (Male) |
| 17:12 | Build | Farm |
| 17:20 | Build | Farm |
| 17:21 | Queue | Villager (Male) |
| 17:31 | Build | House |
| 17:32 | Build | House |
| 17:33 | Build | House |
| 17:34 | Queue | Villager (Male) |
| 17:39 | Build | Farm |
| 17:40 | Queue | Villager (Male) |
| 17:47 | Build | Farm |
| 17:52 | Build | Farm |
| 17:53 | Queue | Villager (Male) |
| 18:00 | Build | Lumber Camp |
| 18:06 | Build | Farm |
| 18:06 | Queue | Villager (Male) |
| 18:07 | Queue | Villager (Male) |
| 18:11 | Build | Farm |
| 18:19 | Build | Farm |
| 18:20 | Queue | Villager (Male) |
| 18:29 | Build | Farm |
| 18:31 | Build | Farm |
| 18:33 | Queue | Villager (Male) |
| 18:40 | Build | Farm |
| 18:40 | Queue | Villager (Male) |
| 18:41 | Queue | Villager (Male) |
| 18:46 | Build | Farm |
| 18:55 | Build | Farm |
| 18:56 | Queue | Villager (Male) |
| 19:01 | Build | Farm |
| 19:04 | Queue | Villager (Male) |
| 19:09 | Research | Wheelbarrow |
| 19:12 | Build | House |
| 19:14 | Build | House |
| 19:16 | Queue | Villager (Male) |
| 19:20 | Build | Farm |
| 19:23 | Build | Farm |
| 19:26 | Queue | Villager (Male) |
| 19:27 | Queue | Villager (Male) |
| 19:29 | Build | Farm |
| 19:34 | Queue | Villager (Male) |
| 19:44 | Research | Gold Mining |
| 19:47 | Queue | Villager (Male) |
| 19:50 | Build | Farm |
| 19:55 | Build | Farm |
| 19:57 | Queue | Villager (Male) |
| 20:08 | Queue | Villager (Male) |
| 20:08 | Queue | Villager (Male) |
| 20:14 | Build | House |
| 20:15 | Build | House |
| 20:16 | Queue | Villager (Male) |
| 20:20 | Build | Siege Workshop |
| 20:22 | Queue | Villager (Male) |
| 20:29 | Queue | Villager (Male) |
| 20:37 | Queue | Villager (Male) |
| 20:51 | Build | Mining Camp |
| 20:54 | Queue | Villager (Male) |
| 20:54 | Queue | Villager (Male) |
| 20:58 | Research | Stone Mining |
| 21:01 | Build | House |
| 21:04 | Queue | Villager (Male) |
| 21:10 | Build | Barracks |
| 21:13 | Queue | Villager (Male) |
| 21:13 | Queue | Villager (Male) |
| 21:17 | Build | House |
| 21:18 | Build | House |
| 21:19 | Build | House |
| 21:20 | Queue | Villager (Male) |
| 21:24 | Queue | Villager (Male) |
| 21:34 | Build | Mill |
| 21:35 | Build | Farm |
Build order — ClearDistortion
First 150 of 267 actions detected
| 0:00 | Queue | Villager (Male) |
| 0:01 | Queue | Villager (Male) |
| 0:02 | Build | House |
| 0:02 | Build | House |
| 0:06 | Queue | Villager (Male) |
| 0:06 | Queue | Villager (Male) |
| 1:35 | Queue | Villager (Male) |
| 1:49 | Build | Lumber Camp |
| 2:04 | Queue | Villager (Male) |
| 2:04 | Queue | Villager (Male) |
| 2:26 | Queue | Villager (Male) |
| 2:26 | Queue | Villager (Male) |
| 2:53 | Queue | Villager (Male) |
| 2:53 | Queue | Villager (Male) |
| 3:03 | Queue | Villager (Male) |
| 3:36 | Build | House |
| 3:37 | Queue | Villager (Male) |
| 4:03 | Queue | Villager (Male) |
| 4:03 | Queue | Villager (Male) |
| 4:03 | Queue | Villager (Male) |
| 4:36 | Queue | Villager (Male) |
| 4:36 | Queue | Villager (Male) |
| 4:42 | Build | Mill |
| 5:25 | Queue | Villager (Male) |
| 5:57 | Build | House |
| 5:59 | Build | House |
| 6:11 | Queue | Villager (Male) |
| 6:34 | Build | Farm |
| 6:36 | Build | Farm |
| 6:38 | Build | Farm |
| 6:41 | Queue | Villager (Male) |
| 6:54 | Queue | Villager (Male) |
| 7:14 | Queue | Villager (Male) |
| 7:17 | Build | Farm |
| 8:17 | Queue | Villager (Male) |
| 8:17 | Queue | Villager (Male) |
| 8:24 | Queue | Villager (Male) |
| 8:26 | Research | Feudal Age |
| 9:09 | Queue | Villager (Male) |
| 9:26 | Build | Mining Camp |
| 9:41 | Build | Barracks |
| 10:46 | Queue | Villager (Male) |
| 10:47 | Queue | Villager (Male) |
| 11:42 | Age | Feudal Age |
| 11:44 | Build | Stable |
| 11:51 | Build | Market |
| 12:06 | Research | Double-Bit Axe |
| 12:21 | Research | Horse Collar |
| 12:29 | Build | Farm |
| 12:32 | Build | Farm |
| 12:38 | Research | Castle Age |
| 12:38 | Research | Castle Age |
| 12:43 | Build | Farm |
| 12:56 | Build | House |
| 12:57 | Build | House |
| 12:58 | Queue | Scout Cavalry |
| 13:20 | Build | Farm |
| 13:24 | Queue | Scout Cavalry |
| 13:55 | Queue | Scout Cavalry |
| 13:58 | Research | Loom |
| 13:58 | Queue | Villager (Male) |
| 14:08 | Build | House |
| 14:11 | Build | House |
| 14:12 | Build | House |
| 14:16 | Research | Gold Mining |
| 14:38 | Queue | Scout Cavalry |
| 15:18 | Age | Castle Age |
| 15:21 | Build | Town Center |
| 15:29 | Build | Monastery |
| 15:32 | Build | Monastery |
| 15:37 | Queue | Villager (Male) |
| 15:41 | Research | Bow Saw |
| 15:57 | Queue | Scout Cavalry |
| 16:10 | Build | House |
| 16:14 | Queue | Villager (Male) |
| 16:30 | Queue | Monk |
| 16:43 | Queue | Villager (Male) |
| 16:56 | Queue | Villager (Male) |
| 16:57 | Queue | Villager (Male) |
| 17:04 | Build | Farm |
| 17:04 | Build | Farm |
| 17:04 | Build | Farm |
| 17:04 | Build | Farm |
| 17:05 | Build | Farm |
| 17:08 | Build | Farm |
| 17:11 | Queue | Villager (Male) |
| 17:11 | Queue | Villager (Male) |
| 17:18 | Queue | Monk |
| 17:24 | Queue | Villager (Male) |
| 17:43 | Queue | Villager (Male) |
| 17:52 | Queue | Villager (Male) |
| 17:52 | Queue | Villager (Male) |
| 17:58 | Build | Farm |
| 18:00 | Build | Farm |
| 18:02 | Build | Farm |
| 18:03 | Queue | Villager (Male) |
| 18:05 | Build | Farm |
| 18:10 | Queue | Villager (Male) |
| 18:10 | Queue | Villager (Male) |
| 18:32 | Build | Town Center |
| 18:38 | Queue | Villager (Male) |
| 18:38 | Queue | Villager (Male) |
| 18:38 | Queue | Villager (Male) |
| 18:55 | Queue | Villager (Male) |
| 19:05 | Queue | Villager (Male) |
| 19:12 | Build | Farm |
| 19:12 | Build | Farm |
| 19:12 | Build | Farm |
| 19:12 | Build | Farm |
| 19:12 | Build | Farm |
| 19:28 | Research | Wheelbarrow |
| 19:28 | Research | Wheelbarrow |
| 19:36 | Queue | Villager (Male) |
| 19:36 | Queue | Villager (Male) |
| 19:43 | Build | Farm |
| 19:43 | Build | Farm |
| 19:43 | Build | Farm |
| 19:43 | Build | Farm |
| 19:58 | Build | Farm |
| 19:59 | Queue | Villager (Male) |
| 20:03 | Queue | Villager (Male) |
| 20:06 | Queue | Villager (Male) |
| 20:20 | Queue | Villager (Male) |
| 20:20 | Queue | Villager (Male) |
| 20:36 | Queue | Villager (Male) |
| 20:42 | Build | Farm |
| 20:42 | Build | Farm |
| 20:42 | Build | Farm |
| 20:43 | Build | Farm |
| 20:43 | Build | Farm |
| 20:43 | Build | Farm |
| 20:47 | Queue | Villager (Male) |
| 20:47 | Queue | Villager (Male) |
| 20:56 | Queue | Villager (Male) |
| 20:57 | Queue | Villager (Male) |
| 21:05 | Build | Farm |
| 21:12 | Queue | Villager (Male) |
| 21:12 | Queue | Villager (Male) |
| 21:18 | Build | Farm |
| 21:27 | Build | Farm |
| 21:28 | Queue | Villager (Male) |
| 21:28 | Queue | Villager (Male) |
| 21:28 | Queue | Villager (Male) |
| 21:46 | Build | Mining Camp |
| 21:50 | Queue | Villager (Male) |
| 21:51 | Queue | Villager (Male) |
| 21:53 | Research | Heavy Plow |
| 21:55 | Research | Stone Mining |
| 22:10 | Queue | Villager (Male) |
| 22:11 | Queue | Villager (Male) |
Match timeline
| 9:41 | ClearDistortion · first_building Barracks |
| 10:58 | Ace · age_up feudal |
| 11:42 | ClearDistortion · age_up feudal |
| 11:44 | ClearDistortion · first_building Stable |
| 14:28 | Ace · age_up castle |
| 14:58 | Ace · first_market_buy 100 food |
| 15:18 | ClearDistortion · age_up castle |
| 15:29 | ClearDistortion · first_building Monastery |
| 18:29 | ClearDistortion · first_market_buy 100 wood |
| 20:20 | Ace · first_building Siege Workshop |
| 21:10 | Ace · first_building Barracks |
| 23:24 | Ace · first_building Stable |
| 27:20 | Ace · age_up imperial |
| 27:21 | Ace · first_building Castle |
| 27:30 | ClearDistortion · first_building Castle |
| 27:34 | Ace · first_market_sell 100 wood |
| 27:49 | ClearDistortion · first_market_sell 100 wood |
| 28:52 | ClearDistortion · age_up imperial |
| 31:23 | ClearDistortion · wall_segment Palisade Wall x1 |
| 32:04 | ClearDistortion · resign |
[ AI ANALYSIS · 1 CREDIT ]
What really happened in this match?
Wolo.gg analyzes every decision: build order, eco, micro, common mistakes by bracket. Personalized analysis on WhatsApp or Discord in 30 seconds.
Civ guide
Jurchens
Perfil
Jugador #18118219